 Dungeon Sprint DCSS version 0.31-a0-703-gcfe89afef6 (webtiles) character file.

Game seed: 17929394933598985862

3075 sircluck the Grappler (level 9, -3/105 HPs)
             Began as a Troll Berserker on Sept 8, 2023.
             Was a High Priest of Trog.
             Slain by a death cob (20 damage)
             ... in the Dungeon (Sprint VII: "The Pits").
             The game lasted 00:02:40 (816 turns).

sircluck the Grappler (Troll Berserker)              Turns: 816, Time: 00:02:41

Health: -3/105     AC:  4    Str: 34    XL:     9   Next: 58%
Magic:  8/8        EV: 14    Int:  3    God:    Trog [*****.]
Gold:   0          SH:  0    Dex: 12    Spells: 8/8 levels left

rFire   . .          .
                       - Unarmed
rCold   . . .        (no shield)
rNeg    . . .        a - +0 animal skin
rPois   .            (helmet restricted)
rElec   .            (no cloak)
rCorr   .            (gloves unavailable)
SInv    .            (boots unavailable)
Will    .....        (no amulet)
Stlth   +            k - +3 ring of strength
HPRegen 1.17/turn    n - +3 ring of dexterity
MPRegen 0.11/turn

%: no teleportation
@: slowed, very slow
A: large, unfitting armour, claws 3, regeneration 1, shaggy fur 1, tough skin 1
a: Renounce Religion, Berserk, Trog's Hand, Brothers in Arms


You were in the Dungeon.
You worshipped Trog.
Trog was extremely pleased with you.
You visited 1 branch

Inventory:

Missiles
 o - 5 curare-tipped darts
Armour
 a - a +0 animal skin (worn)
Jewellery
 k - a +3 ring of strength (left claw)
 n - a +3 ring of dexterity (right claw)
Scrolls
 g - a scroll of blinking
 i - 2 scrolls of vulnerability
 j - a scroll of butterflies
Potions
 b - 6 potions of curing
 c - 4 potions of heal wounds
 d - a potion of haste
 e - 4 potions of magic
 f - 3 potions of berserk rage
 h - a potion of invisibility
 l - 3 potions of mutation
 m - 4 potions of might


   Skills:
 + Level 11.4 Fighting
 + Level 11.2 Dodging
 + Level 13.2 Unarmed Combat


You had 8 spell levels left.
You didn't know any spells.
Your spell library was empty.

Dungeon Overview and Level Annotations

Branches:
Dungeon (1/1)

Altars:
Ashenzari
Cheibriados
Dithmenos
Elyvilon
Fedhas
Gozag
Hepliaklqana
Kikubaaqudgha
Makhleb
Nemelex Xobeh
Okawaru
Qazlal
Ru
Sif Muna
Trog
Uskayaw
Vehumet
Wu Jian
Xom
Yredelemnul
Zin
The Shining One
Jiyva
Lugonu


Innate Abilities, Weirdness & Mutations

You are too large for most types of armour.
You have claws for hands.
Your natural rate of healing is unusually fast.
You are covered in fur. (AC +1)
You have tough skin. (AC +1)


Message History

No target in view!
No target in view!
No target in view!
No target in view!
No target in view!
No target in view!
You start resting.
HP restored.
You open the door.
A death cob and a white imp come into view.
The white imp shouts!
The death cob hits you!!
You scratch the death cob.
The death cob is lightly damaged.
The death cob hits you!! The death cob drains your vigour!
You feel yourself slow down. The death cob hits you!
The death cob drains your vigour!
You feel as though you will be slow longer.
The white imp sputters.
You mangle the death cob!!
The death cob is moderately damaged.
The death cob barely misses you. The death cob hits you!!
* * * LOW HITPOINT WARNING * * *
You feel much better. The death cob barely misses you. The death cob hits you.
The death cob drains your vigour!
You feel as though you will be slow longer.
The death cob hits you!
* * * LOW HITPOINT WARNING * * *
The death cob drains your vigour!
You feel as though you will be slow longer.
The death cob closely misses you.
You feel much better. The death cob hits you! The death cob drains your vigour!
You feel as though you will be slow longer.
The death cob hits you but does no damage.
The death cob hits you!!
* * * LOW HITPOINT WARNING * * *
The death cob drains your vigour!
You feel as though you will be slow longer.
The death cob hits you!!
You die...

##................+
)'................+
##......#..#......#
##................#
#####'#####))######
##.......##''##### ##
##.......##......# ..+
##.......##....###...#
##...<...##...##@z5..+
##.......##..##..##+##
##.......##..#..##
##.......##..#..#
###########..'..+
###########..#..#
....#..[[##..#.†#
....#..[[##..##..#
....'..))##...##.+


You could see a death cob and a white imp.

Vanquished Creatures
  A death yak (D)
  A two-headed ogre (D)
  Sonja (D)
  A guardian mummy (D)
  A hellwing (D)
  A tarantella (D)
  A flying skull (D)
  A fire bat (D)
  A warg (D)
  A centaur (D)
  A kobold brigand (D)
  A phantom (D)
  A necrophage (D)
  A gnoll bouda (D)
  A mummy (D)
  3 gnolls (D)
  A river rat (D)
  A white imp (D)
  A worm (D)
  A ball python (D)
  A bat skeleton (D)
  An endoplasm (D)
  A goblin (D)
  2 hobgoblins (D)
  A kobold (D)
  A bat (D)
  A rat (D)
30 creatures vanquished.

Notes
Turn   | Place    | Note
-------+----------+-------------------------------------------
     0 | D        | sircluck the Troll Berserker began the quest for the Orb.
     0 | D        | Reached XP level 1. HP: 22/22 MP: 0/0
    73 | D        | Found a bloodstained altar of Trog.
    73 | D        | Found a shimmering blue altar of Sif Muna.
    73 | D        | Found a viscous altar of Jiyva.
    73 | D        | Found a hazy altar of Hepliaklqana.
    73 | D        | Found an opulent altar of Gozag.
    74 | D        | Found a glowing golden altar of the Shining One.
    74 | D        | Found a glowing silver altar of Zin.
    74 | D        | Found a basalt altar of Yredelemnul.
    74 | D        | Found a shimmering altar of Xom.
    74 | D        | Found an ornate altar of the Wu Jian Council.
    74 | D        | Found a sacrificial altar of Ru.
    74 | D        | Found a stormy altar of Qazlal.
    74 | D        | Found an iron altar of Okawaru.
    74 | D        | Found a sparkling altar of Nemelex Xobeh.
    74 | D        | Found a burning altar of Makhleb.
    74 | D        | Found a blossoming altar of Fedhas.
    74 | D        | Found a white marble altar of Elyvilon.
    74 | D        | Found a shadowy altar of Dithmenos.
    74 | D        | Found a snail-covered altar of Cheibriados.
    77 | D        | Found a corrupted altar of Lugonu.
    77 | D        | Found a radiant altar of Vehumet.
    78 | D        | Found an ancient bone altar of Kikubaaqudgha.
    78 | D        | Found a hide-covered altar of Uskayaw.
    78 | D        | Found a broken altar of Ashenzari.
   106 | D        | Reached ** piety under Trog
   131 | D        | Reached XP level 2. HP: 21/31 MP: 1/1
   135 | D        | Reached *** piety under Trog
   136 | D        | Reached skill level 4 in Unarmed Combat
   214 | D        | Noticed a necrophage
   220 | D        | Reached **** piety under Trog
   221 | D        | Reached XP level 3. HP: 39/39 MP: 2/2
   225 | D        | Killed a necrophage
   226 | D        | Reached skill level 5 in Unarmed Combat
   226 | D        | Reached XP level 4. HP: 40/49 MP: 3/3
   231 | D        | Noticed a centaur
   232 | D        | Noticed a fire bat
   239 | D        | Killed a fire bat
   240 | D        | Reached skill level 7 in Unarmed Combat
   240 | D        | Reached XP level 5. HP: 44/59 MP: 4/4
   240 | D        | Killed a centaur
   241 | D        | Reached skill level 8 in Unarmed Combat
   241 | D        | Reached XP level 6. HP: 52/68 MP: 5/5
   285 | D        | Noticed a two-headed ogre
   288 | D        | Killed a two-headed ogre
   288 | D        | Reached ***** piety under Trog
   289 | D        | Reached skill level 10 in Unarmed Combat
   289 | D        | Reached XP level 7. HP: 35/81 MP: 6/6
   338 | D        | Reached XP level 8. HP: 67/92 MP: 7/7
   364 | D        | Noticed a flying skull
   364 | D        | Noticed a tarantella
   477 | D        | Killed a tarantella
   478 | D        | Reached skill level 11 in Unarmed Combat
   488 | D        | Killed a flying skull
   488 | D        | Received a gift from Trog
   632 | D        | Noticed Sonja
   649 | D        | Killed Sonja
   650 | D        | Reached skill level 10 in Fighting
   650 | D        | Reached skill level 10 in Dodging
   650 | D        | Reached skill level 12 in Unarmed Combat
   650 | D        | Reached XP level 9. HP: 7/102 MP: 8/8
   718 | D        | Noticed a hellwing
   725 | D        | Killed a hellwing
   755 | D        | Noticed a guardian mummy
   767 | D        | Killed a guardian mummy
   770 | D        | Noticed a death yak
   777 | D        | Killed a death yak
   778 | D        | Reached skill level 13 in Unarmed Combat
   812 | D        | Noticed a death cob
   816 | D        | Slain by a death cob

Illustrated notes

Levels and vault maps discovered:
D:        pitsprint [storerooms_1, entrance_room_1, metal_vault_6, armoury_3,
          mini_pit_1, grid_room_1, main_hall_1, silver_pit, the_coven_1,
          the_vestibule_1, steel_vault_2, golden_pit, hallway_of_sentries,
          crystal_vault_4, iron_vault_5, final_vault]

Skill      XL: |  1  2  3  4  5  6  7  8  9 |
---------------+----------------------------+-----
Dodging        | 3 4 6 8 9 10 11 | 11.2
Fighting       | 3 4 6 8 9 10 11 | 11.4
Unarmed Combat | 4 5 7 8 10 12 13 | 13.2

Action                     |  1- 3 |  4- 6 |  7- 9 || total
---------------------------+-------+-------+-------++-------
  Melee: Unarmed           |    32 |    10 |    43 ||    85
         Punch             |       |     1 |     1 ||     2
 Invoke: Berserk           |       |     1 |     2 ||     3
    Use: Potion            |       |     1 |     5 ||     6
 Armour: Animal skin       |    24 |    16 |    45 ||    85
  Dodge: Dodged            |    17 |     8 |    28 ||    53

Table legend: (Time is in decaauts)
 A = Elapsed time spent in this place.
 B = Non-inter-level travel time spent in this place.
 C = Inter-level travel time spent in this place.
 D = Time resting spent in this place.
 E = Time spent auto-exploring this place.
 F = Levels seen in this place.
 G = Mean time per level.
                   A        B        C        D        E       F      G
               +--------+--------+--------+--------+--------+-----+--------+
         Total |    836 |    829 |      7 |    345 |     78 |   1 |  836.0 |
       Dungeon |    836 |    829 |      7 |    345 |     78 |   1 |  836.0 |
               +--------+--------+--------+--------+--------+-----+--------+

Top non-repeatable levels by time:
       D: 836 daAuts
